 Dungeon Crawl Stone Soup version 0.30-a0-778-g2ef04afb54 (webtiles) character file.

Game seed: 5114752794115828094

2 PLAYERX the Gusty (level 1, -1/10 HPs)
             Began as a Tengu Air Elementalist on Feb 15, 2023.
             Slain by a ball python (3 damage)
             ... on level 1 of the Dungeon.
             The game lasted 00:01:46 (71 turns).

PLAYERX the Gusty (Tengu Air Elementalist)            Turns: 71, Time: 00:01:47

Health: -1/10      AC:  2    Str:  8    XL:     1   Next: 40%
Magic:  3/4        EV:  9    Int: 15    God:
Gold:   7          SH:  0    Dex: 14    Spells: 3/4 levels left

rFire   . . .      SeeInvis .    (no weapon)
rCold   . . .      Faith    .    (no shield)
rNeg    . . .      Spirit   .    a - +0 robe
rPois   .          Reflect  .    (helmet restricted)
rElec   .          Harm     .    (no cloak)
rCorr   .          Rampage  .    (no gloves)
Will    .....                    (boots unavailable)
Stlth   ++                       (no amulet)
HPRegen 0.21/turn                (no ring)
MPRegen 0.09/turn                (no ring)

@: constricted
A: beak, talons 3
a: no special abilities


You were on level 1 of the Dungeon.
You visited 1 branch of the dungeon, and saw 1 of its levels.

You collected 7 gold pieces.

Inventory:

Armour
 a - a +0 robe (worn)
Potions
 b - a potion of magic


   Skills:
 + Level 2.2 Dodging
 + Level 2.0 Stealth
 + Level 2.0 Spellcasting
 + Level 1.5 Conjurations
 + Level 4.0 Air Magic


You had 3 spell levels left.
You knew the following spells:

 Your Spells              Type           Power      Damage    Failure   Level
a - Shock                 Conj/Air       36%        1d5       7%          1

Your spell library contained the following spells:

 Spells                   Type           Power      Damage    Failure   Level
 Static Discharge         Conj/Air       18%        2-3/arc   11%         2
 Swiftness                Air            13%        N/A       12%         3
 Airstrike                Air            6%         2d(1-17)  38%         4


Dungeon Overview and Level Annotations

Branches:
Dungeon (1/15)

Altars:


Innate Abilities, Weirdness & Mutations

You have a beak for a mouth.
You have claws for feet.


Message History

Magic restored.
Found a scroll labelled LORIGYB WUUCS.
A quokka comes into view.
You see here 7 gold pieces.
You see here 7 gold pieces.
You now have 7 gold pieces.
A ball python comes into view.
The ball python hisses angrily.
The quokka misses you.
You closely miss the quokka. Your punch misses the quokka.
A giant cockroach comes into view.
The quokka completely misses you.
You hit the quokka but do no damage. The quokka barely misses you.
The quokka misses you.
You barely miss the quokka. Your kick misses the quokka.
The ball python barely misses you. The ball python grabs you.
The ball python constricts you.
The quokka bites you but does no damage.
You hit the quokka but do no damage. Your kick misses the quokka.
Your peck misses the quokka. The ball python closely misses you.
The ball python constricts you. The quokka barely misses you.
The ball python barely misses you. The ball python constricts you.
You closely miss the quokka. The quokka barely misses you.
The ball python misses you. The ball python constricts you.
You closely miss the quokka. The quokka barely misses you.
The ball python bites you. The ball python constricts you.
You hit the quokka but do no damage. The quokka barely misses you.
The ball python bites you. The ball python constricts you.
The quokka bites you.
Ouch! That really hurt!
* * * LOW HITPOINT WARNING * * *
You are too injured to fight recklessly!
Casting: Shock (safe; 7% risk of failure)
Confirm with . or Enter, or press ? or * to list all spells.
Aiming: Shock (safe; 7% risk of failure)
Press: ? - help, Shift-Dir - straight line, f - giant cockroach
Aim: a giant cockroach (68% to hit)
The zap misses the quokka.
The zap misses the giant cockroach.
The ball python bites you.
You die...

##### #.... ...... #....
....? #...# #...# #
#...# #...# .# #...#
#...# ..## #...#
#...#####.....
#...#######......S......
#...............@rB.....
#...<...........#####...
#........####...#
#...##...# #...#
#...##...####...#####
#..........††........
#....................
#####################


You could see a quokka, a giant cockroach and a ball python.

Vanquished Creatures
  A hobgoblin (D:1)
  A quokka (D:1)
2 creatures vanquished.

Notes
Turn   | Place    | Note
-------+----------+-------------------------------------------
     0 | D:1      | PLAYERX the Tengu Air Elementalist began the quest for the
                  | Orb.
     0 | D:1      | Reached XP level 1. HP: 10/10 MP: 4/4
    71 | D:1      | Slain by a ball python

Illustrated notes

Levels and vault maps discovered:
D:1:      dpeg_arrival_boxorama, layout_basic,
          hellmonk_ecumenical_altar_watching_god

Action                     || total
---------------------------++-------
  Melee: Unarmed           ||    11
         Kick              ||     1
   Cast: Shock             ||     4
 Armour: Robe              ||     2
  Dodge: Dodged            ||    13

Table legend: (Time is in decaauts)
 A = Elapsed time spent in this place.
 B = Non-inter-level travel time spent in this place.
 C = Inter-level travel time spent in this place.
 D = Time resting spent in this place.
 E = Time spent auto-exploring this place.
 F = Levels seen in this place.
 G = Mean time per level.
                   A        B        C        D        E       F      G
               +--------+--------+--------+--------+--------+-----+--------+
         Total |     71 |     71 |      0 |     33 |      7 |   1 |   71.0 |
       Dungeon |     71 |     71 |      0 |     33 |      7 |   1 |   71.0 |
               +--------+--------+--------+--------+--------+-----+--------+

Top non-repeatable levels by time:
     D:1: 71 daAuts
